 Dungeon Crawl Stone Soup version 0.31-a0-23-gcbde74481b (webtiles) character file.

Game seed: 15725874525192594658

114 lmonn the Covered (level 4, -1/41 HPs)
             Began as a Minotaur Fighter on May 13, 2023.
             Killed from afar by Sigmund (6 damage)
             ... with a magic dart
             ... on level 3 of the Dungeon.
             The game lasted 00:17:41 (1272 turns).

lmonn the Covered (Minotaur Fighter)                Turns: 1272, Time: 00:17:41

Health: -1/41      AC:  7    Str: 21    XL:     4   Next: 67%
Magic:  3/3        EV:  9    Int:  5    God:
Gold:   94         SH:  0    Dex: 11    Spells: 3/3 levels left

rFire   . . .        a - +2 war axe
rCold   . . .        c - +0 buckler
rNeg    . . .        b - +0 scale mail
rPois   .            (helmet restricted)
rElec   .            (no cloak)
rCorr   .            (no gloves)
SInv    .            (no boots)
Will    .....        (no amulet) Stlth
                     (no ring)
HPRegen 0.26/turn    (no ring)
MPRegen 0.08/turn

%: no passive effects
@: confused
A: horns 2, retaliatory headbutt
a: no special abilities


You were on level 3 of the Dungeon.
You visited 1 branch of the dungeon, and saw 3 of its levels.

You collected 94 gold pieces.

Inventory:

Hand Weapons
 a - a +2 war axe (weapon)
 h - a +0 sling
 p - a +0 short sword
Missiles
 o - 22 stones (quivered)
Armour
 b - a +0 scale mail (worn)
 c - a +0 buckler (worn)
 e - a +0 ring mail
 g - a +0 leather armour
Wands
 q - a wand of roots (9)
Scrolls
 f - a scroll of teleportation
 k - 2 scrolls of fog
Potions
 d - 2 potions of might
 i - 2 potions of mutation
 j - a potion of lignification
 m - a potion of attraction
 n - a potion of curing {unknown}
 r - a potion of flight {unknown}
 s - a potion of heal wounds {unknown}


   Skills:
 + Level 4.3 Fighting
 + Level 4.1 Axes
 + Level 4.4 Armour
 + Level 1.0 Dodging
 + Level 4.0 Shields


You had 3 spell levels left.
You didn't know any spells.
Your spell library was empty.

Dungeon Overview and Level Annotations

Branches:
Dungeon (3/15)

Altars:
Ru

Annotations:
D:3 Grinder, Sigmund


Innate Abilities, Weirdness & Mutations

You have a pair of horns on your head.
You reflexively headbutt those who attack you in melee.


Message History

Grinder gestures at you.
You suddenly lose the ability to move!
Grinder gestures at you. Pain shoots through your body! Something hits you! x2
Grinder gestures at you.
You shrug off the repeated paralysis!
You can move again.
You hear some strange, mumbled words.
You are confused.
Grinder hits you but does no damage. Grinder attacks as you move away!
Grinder hits you. Something hits you. Grinder gestures at you.
You shrug off the repeated paralysis!
You closely miss something. Your headbutt misses something.
Grinder gestures at you. Pain shoots through your body!
Something hits you but does no damage.
You slash something! Your headbutt misses something.
You're too confused to move!
Something hits you. Grinder barely misses you.
Something hits you but does no damage.
You closely miss Grinder. You barely miss something.
You feel less confused.
Grinder says, "DUCK!"
You block Grinder's attack. Something hits you. Grinder hits you.
You writhe in agony.
You hit Grinder.
Grinder is lightly wounded.
You barely miss something. Grinder hits you.
You writhe in agony.
You hear some strange, mumbled words.
You are confused.
You closely miss Grinder.
Grinder is lightly wounded.
You miss something. Grinder hits you!
* * * LOW HITPOINT WARNING * * *
You writhe in agony.
* * * LOW HITPOINT WARNING * * *
You hear some strange, mumbled words.
A magic dart appears from out of thin air!
The magic dart hits you.
You die...

...............................#
............ #...............#
..........#######.............##
..........##.....#.......)...##
.†........#.......##....#..###
.................).....##..#
.....................<.##.##
.<.......#.......{.....##.#
.##....>##...$..@5.....##.#
####.#.#####+####...##.##.#
.....#..# #..## .##.# ######.##
#..# .# ## #..# .# #..# ...#
...#


You could see Grinder.

Vanquished Creatures
  Terence (D:2)
  4 adders
  A worm (D:3)
  A dart slug (D:1)
  2 bats
  5 endoplasms
  2 giant cockroaches
  2 goblins
  2 hobgoblins (D:3)
  10 jackals
  2 quokkas
  6 ball pythons
  2 frilled lizards
  3 kobolds
  3 rats
46 creatures vanquished.

Notes
Turn   | Place    | Note
-------+----------+-------------------------------------------
     0 | D:1      | lmonn the Minotaur Fighter began the quest for the Orb.
     0 | D:1      | Reached XP level 1. HP: 19/19 MP: 0/0
   231 | D:1      | Reached XP level 2. HP: 27/27 MP: 1/1
   481 | D:2      | Reached XP level 3. HP: 26/33 MP: 2/2
   731 | D:2      | Noticed Terence
   750 | D:2      | Killed Terence
   751 | D:2      | Reached XP level 4. HP: 32/40 MP: 3/3
   933 | D:2      | Reached skill level 1 in Dodging
  1023 | D:3      | Found a sacrificial altar of Ru.
  1156 | D:3      | Identified the +1 robe of Crawling {rN+}
  1251 | D:3      | Noticed Grinder
  1255 | D:3      | Noticed Sigmund
  1259 | D:3      | Paralysed by Grinder for 5 turns
  1272 | D:3      | Killed from afar by Sigmund

Illustrated notes

Levels and vault maps discovered:
D:1:      ncdulo_halloftheorcs, layout_rooms, st_stairs_2,
          kennysheep_flooded_box, hangedman_decor_lopped, nrook_campfire
D:2:      layout_rooms, uniq_terence
D:3:      layout_rooms, led_xom_imps, mainiacjoe_overflow_concentric_impassable,
          shapermc_ecumenical_altar_mp_highgroup, uniq_grinder, uniq_sigmund

Skill      XL: |  1  2  3  4 |
---------------+-------------+-----
Armour         | 4 |  4.4
Fighting       | 4 |  4.3
Axes           | 3 4 |  4.1
Shields        | 4 |  4.0
Dodging        | 1 |  1.0

Action                     |  1- 3 |  4- 6 || total
---------------------------+-------+-------++-------
  Melee: War axe           |    53 |    29 ||    82
         Headbutt          |     5 |     2 ||     7
    Use: Scroll            |     5 |     2 ||     7
 Armour: Scale mail        |    43 |    17 ||    60
  Dodge: Dodged            |    44 |    17 ||    61
  Block: Buckler           |    15 |    10 ||    25

Table legend: (Time is in decaauts)
 A = Elapsed time spent in this place.
 B = Non-inter-level travel time spent in this place.
 C = Inter-level travel time spent in this place.
 D = Time resting spent in this place.
 E = Time spent auto-exploring this place.
 F = Levels seen in this place.
 G = Mean time per level.
                   A        B        C        D        E       F      G
               +--------+--------+--------+--------+--------+-----+--------+
         Total |   1306 |   1306 |      0 |      0 |     57 |   3 |  435.3 |
       Dungeon |   1306 |   1306 |      0 |      0 |     57 |   3 |  435.3 |
               +--------+--------+--------+--------+--------+-----+--------+

Top non-repeatable levels by time:
     D:2: 533 daAuts
     D:1: 486 daAuts
     D:3: 287 daAuts
